 Dungeon Crawl Stone Soup version 0.24-a0-244-ga6a6ab7 (webtiles) character file.

Game seed: 1365703151171763494

301 Leeroy the Chopper (level 6, 0/78 HPs)
             Began as a Hill Orc Fighter on Apr 10, 2019.
             Was a Follower of Beogh.
             Slain by an ogre
             ... wielding a +0 giant spiked club
              (5 damage)
             ... on level 5 of the Dungeon.
             The game lasted 00:18:04 (3282 turns).

Leeroy the Chopper (Hill Orc Fighter)               Turns: 3282, Time: 00:18:04

Health: 0/78       AC: 14    Str: 26    XL:     6   Next: 37%
Magic:  6/6        EV:  6    Int:  8    God:    Beogh [*.....]
Gold:   88         SH: 10    Dex: 10    Spells: 5/5 levels left

rFire    . . .     SeeInvis .   a - +0 war axe
rCold    . . .     Gourm    .   c - +0 shield
rNeg     . . .     Faith    .   L - +0 chain mail
rPois    .         Spirit   .   R - +2 helmet
rElec    .         Reflect  .   l - +0 cloak
rCorr    .         Harm     .   P - +0 pair of gloves
MR       .....                  (no boots)
Stlth    ..........             (no amulet)
HPRegen  0.23/turn              (no ring)
MPRegen  0.10/turn              (no ring)

@: berserking, very quick
A: no striking features
a: Renounce Religion


You were on level 5 of the Dungeon.
You worshipped Beogh.
Beogh was aware of your devotion.
You were not hungry.

You visited 1 branch of the dungeon, and saw 5 of its levels.

You collected 176 gold pieces.
You spent 88 gold pieces at shops.

Inventory:

Hand Weapons
 a - a +0 war axe (weapon)
 m - a +0 dagger
 v - a cursed +0 whip
 y - a +0 hunting sling
 B - a +0 dagger
 E - a +0 short sword of draining
 F - a +0 dagger
 G - a +0 spear
 H - a +0 flail
 K - a +0 short sword of venom
 O - a +0 falchion
 Q - a +0 club
 S - a +0 hand axe of venom
Missiles
 e - 106 arrows
 n - 62 stones
 q - 24 sling bullets
 u - 36 bolts
 x - 9 tomahawks
 I - 8 javelins of penetration (quivered)
Armour
 b - a +0 scale mail
 c - a +0 shield (worn)
 l - a +0 cloak (worn)
 t - a +0 scale mail
 A - a +2 hat
 L - a +0 chain mail (worn)
 P - a +0 pair of gloves (worn)
 R - a +2 helmet (worn)
 T - the +1 robe of Amorality {Dex+3}
   (You found it on level 4 of the Dungeon)

   It affects your dexterity (+3).
Jewellery
 p - a +4 amulet of reflection {unknown}
Scrolls
 h - 2 scrolls of teleportation {unknown}
 j - a scroll of random uselessness {unknown}
 o - a scroll of immolation {unknown}
 w - 2 scrolls of identify {unknown}
 J - 2 scrolls of remove curse {unknown}
 N - 2 scrolls of enchant weapon {unknown}
Potions
 d - 2 potions of might
 g - 3 potions of heal wounds {unknown}
 i - 2 potions of haste {unknown}
 k - a potion of lignification {unknown}
 r - a potion of magic {unknown}
 s - a potion of mutation {unknown}
 z - a potion of berserk rage
 C - a potion of flight {unknown}
 D - 2 potions of agility {unknown}
 M - a potion of curing
Comestibles
 f - 4 rations
 U - 2 chunks of flesh


   Skills:
 + Level 4.2 Fighting
 + Level 6.4 Axes
 - Level 3.7 Armour
 + Level 5.1 Shields


You had 5 spell levels left.
You didn't know any spells.
Your spell library was empty.

Dungeon Overview and Level Annotations

Branches:
Dungeon (5/15)
 Temple: D:4-7

Altars:
Dithmenos
Gozag
Kikubaaqudgha

Shops:
D:4 !


Message History

Your chain mail prevents you from hitting the phantom.
You block the phantom's attack.
An orc comes into view.
Welcome back, Leeroy the Hill Orc Fighter.
Beogh says: Drown the unbelievers in a sea of blood!
Press ? for a list of commands and other information.
No item to drop.
Drop what? 47/52 slots (_ for help) (? for menu, Esc to quit)
Okay, then.
A red film seems to cover your vision as you go berserk!
You feel yourself moving faster!
You feel mighty!
The ogre hits you with a +0 giant spiked club!
* * * LOW HITPOINT WARNING * * *
The phantom hits you.
* * * LOW HITPOINT WARNING * * *
You barely miss the phantom.
The phantom is almost destroyed.
You slash the ogre!
The ogre hits you with a +0 giant spiked club.
You die...

."# #.# #.# #.# .#
#.# .)..###.######
#..........#
#####W####.########
#.######@##
#.รท.......
#.....oO..#
#..#######
...o..##.## #<.#
#..## ### #..# #
#..# ....# #.##.#
#. #.# # #.#


You could see a phantom, an ogre and 2 orcs.

Vanquished Creatures
  A vampire bat (D:4)
  A hound (D:4)
  2 worker ants (D:4)
  Robin (D:3)
  3 gnolls (D:3)
  4 adders
  2 oozes
  An adder skeleton (D:4)
  2 dart slugs (D:1)
  3 leopard geckos
  6 orcs
  2 bat skeletons (D:4)
  3 bat zombies (D:4)
  5 giant cockroaches
  16 goblins
  5 hobgoblins
  6 kobolds
  2 quokkas
  2 ball pythons
  3 bats
  5 frilled lizards
  8 rats
83 creatures vanquished.

Notes
Turn   | Place    | Note
-------+----------+-------------------------------------------
     0 | D:1      | Leeroy the Hill Orc Fighter began the quest for the Orb.
     0 | D:1      | Reached XP level 1. HP: 19/19 MP: 1/1
    91 | D:1      | Reached XP level 2. HP: 26/27 MP: 2/2
   144 | D:1      | Reached skill level 3 in Axes
   341 | D:1      | Reached XP level 3. HP: 22/33 MP: 3/3
   596 | D:2      | Found a shadowy altar of Dithmenos.
  1052 | D:2      | Reached skill level 4 in Axes
  1052 | D:2      | Reached XP level 4. HP: 40/40 MP: 4/4
  1592 | D:4      | Reached skill level 5 in Axes
  1592 | D:4      | Reached XP level 5. HP: 42/46 MP: 5/5
  1808 | D:4      | Became a worshipper of Beogh the Brigand
  1863 | D:4      | Found an opulent altar of Gozag.
  1948 | D:4      | Found Minwitoirph's Distillery.
  1953 | D:4      | Bought a potion of curing for 33 gold pieces
  1953 | D:4      | Bought a potion of berserk rage for 55 gold pieces
  2181 | D:3      | Noticed Robin
  2197 | D:3      | Killed Robin
  3002 | D:4      | Reached skill level 6 in Axes
  3002 | D:4      | Reached skill level 5 in Shields
  3002 | D:4      | Reached XP level 6. HP: 50/52 MP: 6/6
  3013 | D:4      | Got an ominously black robe
  3024 | D:4      | Identified the +1 robe of Amorality {Dex+3} (You found it
                  | on level 4 of the Dungeon)
  3145 | D:4      | Reached * piety under Beogh
  3146 | D:4      | Found an ancient bone altar of Kikubaaqudgha.
  3227 | D:5      | Entered Level 5 of the Dungeon
  3227 | D:5      | Noticed a phantom
  3282 | D:5      | Slain by an ogre

Levels and vault maps discovered:
D:1:      scummos_arrival_checkerplants, layout_rooms, due_unseen_surprise
D:2:      layout_loops_cross, first_ration, nicolae_dithmenos_shadow_blocks
D:3:      layout_loops_ring, uniq_robin
D:4:      layout_gridville, kennysheep_vampire_church, serial_shops,
          kennysheep_little_box, grunt_gozag_statues
D:5:      layout_loops_ring

Skill      XL: |  1  2  3  4  5 |
---------------+----------------+-----
Axes           | 3 4 5 6 |  6.4
Shields        | 4 5 |  5.1
Fighting       | 4 |  4.2
Armour         | |  3.7

Action                   |  1- 3 |  4- 6 || total
-------------------------+-------+-------++-------
Melee: War axe           |   106 |   214 ||   320
Invok: Convert to Beogh  |       |     1 ||     1
  Use: Potion            |       |     1 ||     1
  Eat: Chunk             |     1 |     4 ||     5
       Ration            |       |     1 ||     1
Armor: Scale mail        |    47 |    43 ||    90
       Chain mail        |       |   125 ||   125
Dodge: Dodged            |    31 |    63 ||    94
Block: Shield            |    68 |   129 ||   197

Table legend:
 A = Non-vault XP
 B = Vault XP
 C = Vault XP percentage of total XP
 D = Non-vault monster count
 E = Vault monster count
 F = Vault count percentage of total count
                 A         B        C        D         E       F
            +---------+---------+-------+---------+---------+-------
      Total |     325 |     106 |  24.6 |      64 |      19 |  22.9
            +---------+---------+-------+---------+---------+-------
        D:1 |      44 |       0 |   0.0 |      20 |       0 |   0.0
        D:2 |      47 |       0 |   0.0 |      12 |       0 |   0.0
        D:3 |      89 |      39 |  30.5 |      20 |      13 |  39.4
        D:4 |     132 |      67 |  33.7 |      11 |       6 |  35.3
        D:5 |      13 |       0 |   0.0 |       1 |       0 |   0.0
            +---------+---------+-------+---------+---------+-------
